 Dungeon Crawl Stone Soup version 0.20-a0-710-g71b569a (webtiles) character file.

32 polly the Slasher (level 3, 0/27 HPs)
             Began as a Demonspawn Gladiator on Feb 22, 2017.
             Slain by a crimson imp (2 damage)
             ... summoned by Natasha
             ... on level 2 of the Dungeon.
             The game lasted 00:01:17 (993 turns).

polly the Slasher (Demonspawn Gladiator)             Turns: 993, Time: 00:01:18

Health: 0/27       AC:  5    Str: 15    XL:     3   Next: 8%
Magic:  3/3        EV: 13    Int:  9    God:
Gold:   56         SH:  0    Dex: 14    Spells: 2/2 levels left

rFire    . . .     SeeInvis .   a - +0 long sword
rCold    . . .     Gourm    .   b - +0 leather armour
rNeg     . . .     Faith    .   (no shield)
rPois    .         Spirit   .   c - +0 helmet
rElec    .         Reflect  .   (no cloak)
rCorr    .         Harm     .   (no gloves)
MR       .....                  (no boots)
Stlth    +.........             (no amulet)
Regen    0.1/turn               (no ring)
MPRegen  0.1/turn               (no ring)

@: no status effects
A: hooves 1, rugged brown scales 1
a: no special abilities


You were on level 2 of the Dungeon.
You were hungry.

You visited 1 branch of the dungeon, and saw 2 of its levels.

You collected 56 gold pieces.

Inventory:

Hand Weapons
 a - a +0 long sword (weapon)
Missiles
 d - 3 throwing nets (quivered)
Armour
 b - a +0 leather armour (worn)
 c - a +0 helmet (worn)
Jewellery
 n - an uncursed ring of ice {unknown}
Wands
 o - a wand of flame (24/48)
Scrolls
 e - 2 scrolls of teleportation {unknown}
 h - a scroll of enchant weapon {unknown}
 j - a scroll of identify {unknown}
 k - a scroll of recharging {unknown}
 m - 2 scrolls of remove curse {unknown}
 q - 2 scrolls of fog {unknown}
Potions
 l - a potion of heal wounds {unknown}
 p - 2 potions of flight {unknown}
Comestibles
 f - 3 bread rations
 g - 4 fruits
 i - a meat ration


   Skills:
 + Level 2.0 Fighting
 + Level 3.3 Long Blades
 + Level 1.7 Throwing
 + Level 1.0 Armour
 + Level 2.9 Dodging


You had 2 spell levels left.
You didn't know any spells.

Dungeon Overview and Level Annotations

Branches:
Dungeon (2/15)

Altars:

Annotations:
D:2 Natasha


Innate Abilities, Weirdness & Mutations

You have large cloven feet.
You are partially covered in rugged brown scales. (AC +1, +3% HP)


Message History

* * * LOW HITPOINT WARNING * * *
Natasha closely misses you.
You riposte.
You barely miss Natasha.
Natasha is heavily wounded.
You closely miss Natasha. You kick Natasha, but do no damage.
Natasha is heavily wounded.
The crimson imp closely misses you.
You riposte.
You slash the crimson imp! Your kick misses the crimson imp.
The crimson imp is severely wounded.
Natasha claws you but does no damage.
The iron imp hits you but does no damage.
You closely miss Natasha.
Natasha is heavily wounded.
The crimson imp closely misses you.
You riposte.
You barely miss the crimson imp.
The crimson imp is heavily wounded.
Natasha casts a spell at you. The magic dart hits you!
* * * LOW HITPOINT WARNING * * *
The crimson imp hits you.
You die...

#.# ##.. #.#
####. #.# #...#
#.# #..#.. #.#
... ##.
(.#####†#### ..
## #......$...#
. #
##.........#
##......@h# #
#......55......
#
#........##$...
#. #$........
... #..
#........## ..
.... ##########
.... ....


You could see an iron imp, Natasha and a crimson imp.

Vanquished Creatures
  A dart slug (D:2)
  A leopard gecko (D:1)
  A giant cockroach (D:1)
  5 goblins
  3 hobgoblins
  4 quokkas (D:2)
  A ball python (D:2)
  2 bats
  3 frilled lizards (D:2)
  8 rats
29 creatures vanquished.

Notes
Turn   | Place    | Note
-------+----------+-------------------------------------------
     0 | D:1      | polly the Demonspawn Gladiator began the quest for the Orb.
     0 | D:1      | Reached XP level 1. HP: 16/16 MP: 1/1
   137 | D:1      | Reached skill level 3 in Long Blades
   461 | D:1      | Gained mutation: You are partially covered in rugged brown scales. (AC +1, +3% HP) [demonic ancestry]
   461 | D:1      | Reached XP level 2. HP: 16/22 MP: 2/2
   878 | D:2      | Reached skill level 1 in Armour
   967 | D:2      | Gained mutation: You have large cloven feet. [demonic ancestry]
   967 | D:2      | Reached XP level 3. HP: 24/27 MP: 3/3
   982 | D:2      | Noticed Natasha
   993 | D:2      | Slain by a crimson imp

Vault maps used:
D:1:      scummos_arrival_gate
D:2:      first_bread, nemelex_diamond_rough_becter, uniq_natasha

Skill      XL: |  1  2 |
---------------+-------+-----
Long Blades    | 3 |  3.3
Armour         | 1 |  1.0
Fighting       | |  2.0
Throwing       | |  1.7
Dodging        | |  2.9

Action                   || total
-------------------------++-------
Melee: Long sword        ||   100
       Kick              ||     7
 Stab: Sleeping          ||     1
Armor: Leather armour    ||    43
Dodge: Dodged            ||   102
       Rpst.: Long sword ||    30
